 Dungeon Crawl Stone Soup version 0.27-a0-1586-gd5c625afe7 (webtiles) character file.

Game seed: 18416658142273267624

1841 HAL9000 the Covert (level 9, -5/45 HPs)
             Began as a Vine Stalker Brigand on July 18, 2021.
             Was an Initiate of Dithmenos.
             Slain by a vampire mosquito (7 damage)
             ... on level 6 of the Dungeon.
             The game lasted 00:09:47 (5373 turns).

HAL9000 the Covert (Vine Stalker Brigand)           Turns: 5373, Time: 00:09:48

Health: -5/45      AC:  3    Str: 17    XL:     9   Next: 12%
Magic:  0/10       EV: 11    Int: 18    God:    Dithmenos [......]
Gold:   168        SH:  0    Dex: 15    Spells: 5/8 levels left

rFire    . . .     SeeInvis .   f - +2 short sword (freeze)
rCold    . . .     Faith    .   (no shield)
rNeg     . . .     Spirit   +   b - +0 robe
rPois    .         Reflect  .   (no helmet)
rElec    .         Harm     .   c - +0 cloak
rCorr    .         Rampage  .   (no gloves)
Will     +....                  (no boots)
Stlth    ++++......             (no amulet)
HPRegen  1.15/turn              w - +6 ring of intelligence
MPRegen  0.12/turn              y - ring of wizardry

@: about to teleport
A: fangs 3, regeneration 1, magic shield, antimagic bite, no potion heal 2
a: Renounce Religion


You were on level 6 of the Dungeon.
You worshipped Dithmenos.
Dithmenos was noncommittal.
You visited 2 branches of the dungeon, and saw 7 of its levels.

You collected 168 gold pieces.

Inventory:

Hand Weapons
 a - a +2 dagger
 f - a +2 short sword of freezing (weapon)
Missiles
 d - 31 poisoned darts
 e - 2 curare-tipped darts
 s - 13 boomerangs (quivered)
Armour
 b - a +0 robe (worn)
 c - a +0 cloak (worn)
Jewellery
 w - a +6 ring of intelligence (left hand)
 y - a ring of wizardry (right hand)
Wands
 k - a wand of polymorph (12)
 D - a wand of digging (7)
Scrolls
 g - a scroll of magic mapping {unknown}
 i - a scroll of enchant weapon {unknown}
 j - 2 scrolls of immolation
 l - 2 scrolls of fear
 m - a scroll of vulnerability
 n - a scroll of teleportation
 o - 2 scrolls of acquirement {unknown}
 t - a scroll of blinking
 z - a scroll of noise {unknown}
 A - a scroll of amnesia {unknown}
Potions
 h - 3 potions of haste
 p - a potion of attraction
 q - a potion of mutation {unknown}
 r - a potion of resistance {unknown}
 u - a potion of berserk rage {unknown}
 v - 2 potions of curing
 x - a potion of cancellation {unknown}
 B - a potion of degeneration {unknown}
 C - a potion of lignification {unknown}


   Skills:
 - Level 4.0 Fighting
 + Level 7.3 Short Blades
 - Level 3.0 Throwing
 - Level 0.7 Dodging
 - Level 10.2 Stealth


You had 5 spell levels left.
You knew the following spells:

 Your Spells              Type           Power      Damage    Failure   Level
a - Swiftness             Air            0%         N/A       26%         3

Your spell library contained the following spells:

 Spells                   Type           Power      Damage    Failure   Level
 Passwall                 Tmut/Erth      0%         N/A       13%         2
 Static Discharge         Conj/Air       0%         N/A       13%         2
 Dispel Undead            Necr           0%         3d6       61%         4
 Sticky Flame             Conj/Fire      0%         2d3       61%         4
 Invisibility             Hex            0%         N/A       100%        6


Dungeon Overview and Level Annotations

Branches:
Dungeon (6/15)             Temple (1/1) D:5

Altars:
Ashenzari
Cheibriados
Dithmenos
Elyvilon
Fedhas
Gozag
Hepliaklqana
Kikubaaqudgha
Makhleb
Nemelex Xobeh
Okawaru
Qazlal
Ru
Sif Muna
Trog
Uskayaw
Vehumet
Wu Jian
Xom
Yredelemnul
Zin
The Shining One


Innate Abilities, Weirdness & Mutations

You have razor-sharp teeth.
Your natural rate of healing is unusually fast.
When hurt, damage is shared between your health and your magic reserves.
Your bite disrupts and absorbs the magic of your enemies.
Potions cannot restore your health.


Message History

The vampire mosquito draws strength from your injuries!
You closely miss the vampire mosquito. Your bite misses the vampire mosquito.
The vampire mosquito bites you.
The vampire mosquito draws strength from your injuries!
You see here a vampire mosquito corpse.
The vampire mosquito bites you but does no damage.
The vampire mosquito bites you.
The vampire mosquito draws strength from your injuries!
The vampire mosquito barely misses you.
You see here a vampire mosquito corpse.
The vampire mosquito bites you.
The vampire mosquito draws strength from your injuries!
Unknown command.
You hit the vampire mosquito. You freeze the vampire mosquito.
The vampire mosquito is lightly damaged.
The vampire mosquito closely misses you.
You barely miss the vampire mosquito. You bite the vampire mosquito!
You drain its power.
You feel invigorated.
The vampire mosquito is heavily damaged.
The vampire mosquito barely misses you. The vampire mosquito bites you!
The vampire mosquito draws strength from your injuries!
You hit the vampire mosquito. You freeze the vampire mosquito.
The vampire mosquito is heavily damaged.
The vampire mosquito bites you.
* * * LOW HITPOINT WARNING * * *
The vampire mosquito draws strength from your injuries!
You puncture the vampire mosquito! You freeze the vampire mosquito.
Your bite misses the vampire mosquito.
The vampire mosquito is heavily damaged.
The vampire mosquito bites you.
* * * LOW HITPOINT WARNING * * *
The vampire mosquito draws strength from your injuries!
As you read the scroll of teleportation, it crumbles to dust.
You feel strangely unstable. The vampire mosquito barely misses you.
The vampire mosquito bites you!
* * * LOW HITPOINT WARNING * * *
The vampire mosquito draws strength from your injuries!
Unknown command.
The vampire mosquito bites you!
You die...

# #...#..#..........#
+...#[.#..#######.#
#...#...#.# #.#
#..##'##..# #.## #.###
#...?...## #....##....
######.#.###.###.######
#y#..#.......
#y#.......#.# #.#
#@#...##....# #.#
##.#...#.#.#.## #.#
###..........#..# #.#
#...............# #.#
#.............#.###.#
#.##...........#.....
#. ###...##......##.. .
#.$..###.....##.# .#
#.##.## #........#


You could see 2 vampire mosquitoes.

Vanquished Creatures
  A kobold demonologist (D:5)
  A shadow (D:5)
  Eustachio (D:5)
  A vampire mosquito (D:6)
  2 black bears
  2 necrophages
  An ogre (D:5)
  Blork the orc (D:5)
  A water moccasin zombie (D:5)
  A bullfrog zombie (D:5)
  4 bullfrog skeletons
  A hound (D:4)
  A scorpion zombie (D:5)
  Terence (D:2)
  An orc wizard (D:6)
  4 iguanas
  A killer bee zombie (D:6)
  A hound zombie (D:5)
  7 adders
  6 gnolls
  A shadow imp (D:6)
  2 worms (D:3)
  7 dart slugs
  6 orcs
  10 bats
  6 endoplasms
  3 giant cockroaches
  7 goblins
  6 hobgoblins
  6 jackals
  7 kobolds
  2 quokkas
  9 ball pythons
  A frilled lizard (D:2)
  5 rats
117 creatures vanquished.

Vanquished Creatures (others)
  5 toadstools (D:1)
5 creatures vanquished.

Grand Total: 122 creatures vanquished

Notes
Turn   | Place    | Note
-------+----------+-------------------------------------------
     0 | D:1      | HAL9000 the Vine Stalker Brigand began the quest for the
                  | Orb.
     0 | D:1      | Reached XP level 1. HP: 11/11 MP: 2/2
    61 | D:1      | Reached XP level 2. HP: 5/15 MP: 3/3
   687 | D:1      | Reached XP level 3. HP: 16/18 MP: 4/4
  1306 | D:2      | Noticed Terence
  1316 | D:2      | Killed Terence
  1317 | D:2      | Gained mutation: Your natural rate of healing is unusually
                  | fast. [Vine Stalker growth]
  1317 | D:2      | Reached XP level 4. HP: 23/23 MP: 5/5
  1365 | D:2      | Found a sacrificial altar of Ru.
  1511 | D:2      | Found a faded altar of an unknown god.
  1629 | D:2      | Reached skill level 5 in Stealth
  2310 | D:3      | Found a hide-covered altar of Uskayaw.
  2310 | D:3      | Found a sacrificial altar of Ru.
  2404 | D:3      | Reached XP level 5. HP: 26/26 MP: 6/6
  2554 | D:3      | Reached skill level 6 in Stealth
  2649 | D:4      | Reached skill level 7 in Stealth
  2823 | D:4      | Found a stormy altar of Qazlal.
  2847 | D:4      | Noticed a necrophage
  2853 | D:4      | Reached XP level 6. HP: 28/30 MP: 5/7
  2868 | D:4      | Killed a necrophage
  2869 | D:4      | Reached skill level 8 in Stealth
  3532 | D:4      | Reached skill level 9 in Stealth
  3532 | D:4      | Reached XP level 7. HP: 34/34 MP: 8/8
  3580 | D:5      | Entered Level 5 of the Dungeon
  3588 | D:5      | Found a broken altar of Ashenzari.
  3697 | D:5      | Noticed Blork the orc
  3704 | D:5      | Killed Blork the orc
  3716 | D:5      | Found a bloodstained altar of Trog.
  3742 | D:5      | Noticed a kobold demonologist
  3742 | D:5      | Noticed a shadow
  3814 | D:5      | Killed a kobold demonologist
  3815 | D:5      | Gained mutation: You have razor-sharp teeth. [Vine Stalker
                  | growth]
  3815 | D:5      | Reached XP level 8. HP: 40/40 MP: 9/9
  3840 | D:5      | Found a hazy altar of Hepliaklqana.
  3860 | D:5      | Found a staircase to the Ecumenical Temple.
  3872 | D:5      | Reached skill level 5 in Short Blades
  3880 | Temple   | Entered the Ecumenical Temple
  3984 | Temple   | Became a worshipper of Dithmenos the Shadowed
  4176 | D:5      | Noticed Eustachio
  4183 | D:5      | Killed Eustachio
  4184 | D:5      | Reached skill level 10 in Stealth
  4290 | D:5      | Learned a level 3 spell: Swiftness
  4430 | D:5      | Killed a shadow
  5072 | D:6      | Reached XP level 9. HP: 45/45 MP: 10/10
  5345 | D:6      | Found a sand-covered staircase.
  5372 | D:6      | HP: 1/45 [vampire mosquito (8)]
  5373 | D:6      | Slain by a vampire mosquito

Illustrated notes

Levels and vault maps discovered:
D:1:      ldierk_walled_garden, layout_loops_ring, minmay_misc_feat_ornament
D:2:      layout_loops_ring, hellmonk_ecumenical_altar_dog_temple, basic_altar,
          minmay_misc_feat_diagonals, kennysheep_potato, uniq_terence
D:3:      layout_loops_ring, gammafunk_temple_overflow_wave
D:4:      layout_cave_pods, mainiacjoe_overflow_cross_hatched
D:5:      kennysheep_big_flooded_room, layout_loops_ring,
          nicolae_ashenzari_panopticon, mainiacjoe_overflow_large_starburst,
          temple_pool_b, uniq_blork_the_orc, uniq_eustachio
D:6:      layout_loops_ring, enter_ossuary_2
Temple:   lightli_temple_of_artemis

Skill      XL: |  1  2  3  4  5  6  7  8  9 |
---------------+----------------------------+-----
Throwing       | 2 3 |  3.0
Short Blades   | 3 4 6 7 |  7.3
Stealth        | 5 7 9 10 | 10.2
Fighting       | 3 4 |  4.0
Dodging        | |  0.7

Action                   |  1- 3 |  4- 6 |  7- 9 || total
-------------------------+-------+-------+-------++-------
Melee: Dagger            |    20 |       |       ||    20
       Bite              |    13 |    41 |    36 ||    90
       Short sword       |    42 |   149 |   127 ||   318
Throw: Dart              |    14 |    45 |     3 ||    62
       Boomerang         |       |       |     3 ||     3
  Use: Scroll            |       |     7 |     5 ||    12
       Potion            |       |       |     1 ||     1
 Stab: Sleeping          |     6 |     9 |     8 ||    23
Armor: Robe              |    21 |    21 |    22 ||    64
Dodge: Dodged            |    47 |    77 |    65 ||   189

Table legend: (Time is in decaauts)
 A = Elapsed time spent in this place.
 B = Non-inter-level travel time spent in this place.
 C = Inter-level travel time spent in this place.
 D = Time resting spent in this place.
 E = Time spent auto-exploring this place.
 F = Levels seen in this place.
 G = Mean time per level.
                   A        B        C        D        E       F      G
               +--------+--------+--------+--------+--------+-----+--------+
         Total |   5337 |   5139 |    198 |    386 |   3657 |   7 |  762.4 |
       Dungeon |   5224 |   5032 |    192 |    386 |   3565 |   6 |  870.7 |
        Temple |    113 |    107 |      6 |      0 |     92 |   1 |  113.0 |
               +--------+--------+--------+--------+--------+-----+--------+

Top non-repeatable levels by time:
     D:1: 1230 daAuts
     D:5: 1005 daAuts
     D:4: 947 daAuts
     D:3: 718 daAuts
     D:2: 667 daAuts
     D:6: 654 daAuts
  Temple: 113 daAuts
